 Dungeon Crawl Stone Soup version 0.27-a0-1200-g94dc6ad4cf (webtiles) character file.

Game seed: 12057269925571405944

29099 Pooter the Cleaver (level 13, -2/116 HPs)
             Began as a Minotaur Berserker on May 31, 2021.
             Was a Priest of Trog.
             Killed from afar by a lindwurm (45 damage)
             ... with a blast of flame
             ... on level 5 of the Lair of Beasts.
             The game lasted 01:53:32 (19955 turns).

Pooter the Cleaver (Minotaur Berserker)            Turns: 19955, Time: 01:53:33

Health: -2/116     AC:  8    Str: 27    XL:     13   Next: 13%
Magic:  12/12      EV:  7    Int:  5    God:    Trog [***...]
Gold:   397        SH:  0    Dex: 13    Spells: 12/12 levels left

rFire    . . .     SeeInvis .   a - +8 war axe (freeze)
rCold    . . .     Faith    .   (no shield)
rNeg     . . .     Spirit   .   h - +2 plate armour
rPois    .         Reflect  .   (helmet unavailable)
rElec    .         Harm     .   M - +1 cloak {Will+}
rCorr    +         Rampage  .   N - +0 pair of gloves of Protective Custody {Dex+4 Slay+2}
Will     +++..                  (no boots)
Stlth    ++........             (no amulet)
HPRegen  1.29/turn              P - +4 ring of slaying
MPRegen  0.13/turn              C - ring of resist corrosion

@: strong-willed, corroded, regenerating
A: horns 3, retaliatory headbutt, claws 1, camouflage 1, no potion heal 1
a: Renounce Religion, Berserk, Trog's Hand


You were on level 5 of the Lair of Beasts.
You worshipped Trog.
Trog was most pleased with you.
You visited 2 branches of the dungeon, and saw 16 of its levels.
You also visited: Sewer, Ossuary and Ice Cave.

You collected 1104 gold pieces.
You spent 707 gold pieces at shops.

Inventory:

Hand Weapons
 a - a +8 war axe of freezing (weapon)
   (You bought it in a shop on level 7 of the Dungeon)
 b - a +1 fustibalus of flaming
   (You found it on level 2 of the Lair of Beasts)
 m - a +5 trident of protection
   (You took it off a gnoll sergeant on level 6 of the Dungeon)
 A - a +1 glaive of draining
   (You took it off Maggie on level 7 of the Dungeon)
 G - the +9 quarterstaff "Pooter's Curse" {vorpal, +Rage rF+ rC++ rCorr}
   (You found it on level 9 of the Dungeon)

   It inflicts extra damage upon your enemies.
   It protects you from fire.
   It greatly protects you from cold.
   It lets you go berserk.
   It protects you from acid and corrosion.
 J - a +2 vorpal war axe
   (You found it on level 11 of the Dungeon)
Missiles
 e - 31 sling bullets
 q - 39 poisoned darts
 s - 3 atropa-tipped darts
 z - 3 throwing nets {!f}
 F - 28 boomerangs (quivered)
 H - a curare-tipped dart
 Q - 394 stones
Armour
 h - a +2 plate armour (worn)
   (You found it on level 3 of the Dungeon)
 B - +0 swamp dragon scales
   (You took it off Maggie on level 7 of the Dungeon)
 M - a +1 cloak of willpower (worn)
   (You bought it in a shop on level 9 of the Dungeon)
 N - the +0 pair of gloves of Protective Custody (worn) {Dex+4 Slay+2}
   (You found it on level 4 of the Lair of Beasts)

   It affects your dexterity (+4).
   It affects your accuracy and damage with ranged weapons and melee attacks
   (+2).
Jewellery
 c - the ring of Mistrust {rN+ SInv}
   (You found it in an ice cave)

   [ring of see invisible]

   It protects you from negative energy.
   It lets you see invisible.
 t - a ring of fire
   (You found it on level 6 of the Dungeon)
 C - a ring of resist corrosion (right hand)
   (You found it in an ice cave)
 I - a ring of protection from cold
   (You took it off an orc wizard on level 7 of the Dungeon)
 P - a +4 ring of slaying (left hand)
   (You found it on level 10 of the Dungeon)
 R - the ring of Lilacs {Fly rPois Int+3 Stlth+}
   (You found it on level 4 of the Lair of Beasts)

   [ring of flight]

   It affects your intelligence (+3).
   It protects you from poison.
   It grants you flight.
   It makes you more stealthy.
Wands
 d - a wand of iceblast (5)
   (You found it on level 6 of the Dungeon)
 f - a wand of flame (15)
   (You found it on level 4 of the Lair of Beasts)
 u - a wand of paralysis (14)
   (You found it on level 5 of the Lair of Beasts)
 x - a wand of acid (18)
   (You found it on level 9 of the Dungeon)
Scrolls
 g - a scroll of holy word
 k - 11 scrolls of teleportation {unknown}
 n - 3 scrolls of fog
 p - a scroll of blinking
 r - 2 scrolls of fear
 y - a scroll of immolation {!r}
 E - a scroll of silence
 S - a scroll of magic mapping
Potions
 j - 2 potions of invisibility
 l - 6 potions of flight
 o - 2 potions of attraction {!q}
 v - 3 potions of curing {@q1}
 w - a potion of lignification {!q}
 D - a potion of heal wounds {@q2}
 K - a potion of resistance
 L - 2 potions of cancellation
Miscellaneous
 O - a box of beasts
   (You found it on level 3 of the Lair of Beasts)


   Skills:
 + Level 11.5 Fighting
 * Level 13.3(13.5) Axes
 - Level 4.0(9.7) Polearms
 + Level 7.3(8.0) Slings
 + Level 4.5(6.2) Throwing
 - Level 2.4 Armour
 - Level 2.1 Dodging
 * Level 11.9 Stealth
 + Level 6.4 Evocations


You had 12 spell levels left.
You didn't know any spells.
Your spell library was empty.

Dungeon Overview and Level Annotations

Branches:
Dungeon (11/15)            Temple (0/1) D:5            Lair (5/6) D:10
  Swamp (0/4) Lair:4       Spider (0/4) Lair:3        Sewer (visited)
Ossuary (visited)           IceCv (visited)
  Slime: Lair:5-6       Orc: D:9-12

Altars:
Ashenzari
Cheibriados
Fedhas
Hepliaklqana
Kikubaaqudgha
Okawaru
Ru
Wu Jian
Xom

Shops:
D:7 (   D:9 [

Annotations:
D:7 Joseph
Lair:2 3 runed translucent doors, Resaj's ghost, journeyman MiBe
Lair:4 1 runed translucent door, streetpizza's ghost, journeyman TrHu
Lair:5 exclusion: 3 oklob plants


Innate Abilities, Weirdness & Mutations

You have a pair of large horns on your head.
You reflexively headbutt those who attack you in melee.
You have sharp fingernails.
Your skin changes colour to match your surroundings (Stealth+).
Potions are less effective at restoring your health.


Message History

You slash the plant! You freeze the plant. You hit the plant.
You freeze the plant. You slash the plant! You freeze the plant.
You completely miss the plant. You headbutt the plant! You hit the plant.
You freeze the plant.
A nearby plant withers and dies.
The lindwurm bites the plant!
The plant begins to die.
The lindwurm claws the plant! x2; The yak gores the plant.
You slice the plant!! You freeze the plant! You headbutt the plant!
A nearby plant withers and dies.
The lindwurm breathes flames at you.
The blast of flame hits the plant!!
The plant begins to die.
The blast of flame hits you!! The oklob plant spits acid at you.
The splash of acid hits you but does no damage.
You are splashed with acid.
You resist.
You slash the yak! You freeze the yak.
The lindwurm bites the plant.
The lindwurm claws the plant!
The lindwurm claws the plant.
The yak gores you.
You hit the yak. You freeze the yak. You headbutt the yak!
The lindwurm bites the plant!
The lindwurm claws the plant! x2
The yak gores you.
You slash the yak! You freeze the yak.
You kill the yak!
Trog accepts your kill.
The lindwurm bites the plant!!
The lindwurm claws the plant.
The lindwurm claws the plant!
The oklob plant spits acid at you. The splash of acid misses you.
The oklob plant spits acid at you. The splash of acid hits you. You resist.
The acid corrodes you!
You are splashed with acid.
You resist.
The lindwurm bites the plant!
The lindwurm claws the plant. x2
You slash the oklob plant! You freeze the oklob plant.
You headbutt the oklob plant!! You slash the plant! You freeze the plant.
A nearby plant withers and dies.
You hit the oklob plant. You freeze the oklob plant.
You headbutt the oklob plant!
You destroy the oklob plant!
Trog accepts your kill.
You slash the plant! You freeze the plant.
A nearby plant withers and dies.
The oklob plant spits acid at you. The splash of acid hits you! You resist.
The acid corrodes you!
You are splashed with acid!
You resist. The lindwurm breathes flames at you. The blast of flame hits you!!
* * * LOW HITPOINT WARNING * * *
You slash the lindwurm! You freeze the lindwurm.
You headbutt the lindwurm, but do no damage.
The lindwurm breathes flames at you. The blast of flame hits you!!!
You die...

.....###P........#.#
..####
#P..........## .##
##.....##....# ##
#...P#####..###
##.....##P....#
#.......#....#.#
#.............#.#
####P.....P#P#.##
#....@.######
#...k#######
#.......$.$#
##.....PP!.#
#....)!)P.#
#....P..)?.#
..##..P$...$# ...
.#.####### .. ####.


You could see a lindwurm (catching breath).

Vanquished Creatures
  Harold (D:9)
  2 hydras (Lair:5)
  9 death yaks
  2 bog bodies (Lair:4)
  A lindwurm (Lair:5)
  2 ugly things (IceCv)
  An oklob plant (Lair:5)
  6 elephants (Lair:4)
  A black mamba (Lair:5)
  2 ice statues (IceCv)
  Maggie (D:7)
  6 rime drakes
  4 cane toads
  6 komodo dragons
  2 ice devils (Lair:3)
  A polar bear (Lair:2)
  5 blink frogs (Lair:4)
  A redback (Lair:3)
  Sigmund (D:3)
  5 wyverns
  8 yaks
  4 basilisks
  2 steam dragons (D:6)
  2 swamp worms (Lair:4)
  8 water moccasins
  2 acid dragons (D:10)
  3 black bears (Lair:1)
  An orc warrior (D:9)
  11 ice beasts
  2 ogres
  3 necrophages
  3 wolves (Lair:3)
  5 centaurs
  2 phantoms
  A kobold brigand (D:10)
  9 bullfrogs
  3 scorpions
  An elf zombie (Ossuary)
  2 gnoll sergeants
  A troll zombie (Ossuary)
  A water moccasin skeleton (D:5)
  2 killer bees
  2 electric eels
  A howler monkey (D:6)
  A bullfrog zombie (D:4)
  7 centaur zombies
  5 hounds
  6 orc priests
  A bullfrog skeleton (D:7)
  A centaur skeleton (D:6)
  4 iguanas
  A hell rat (D:10)
  8 orc wizards
  A scorpion zombie (D:5)
  An ogre zombie (Ossuary)
  7 mummies (Ossuary)
  A howler monkey zombie (D:7)
  20 gnolls
  7 adders
  A howler monkey skeleton (D:7)
  2 white imps (D:7)
  An ufetubus (D:6)
  4 adder zombies
  An adder skeleton (D:4)
  4 dart slugs
  17 orcs
  8 ball pythons
  5 endoplasms
  7 giant cockroaches
  7 goblins
  8 hobgoblins
  13 jackals
  13 kobolds
  3 quokkas
  8 bats
  2 frilled lizards
  3 gnoll zombies (Ossuary)
  3 goblin zombies (Ossuary)
  2 hobgoblin zombies (Ossuary)
  4 kobold zombies (Ossuary)
  3 quokka zombies (Ossuary)
  5 rats
  6 rat zombies (Ossuary)
339 creatures vanquished.

Vanquished Creatures (others)
  17 fungi
  14 plants
31 creatures vanquished.

Grand Total: 370 creatures vanquished

Notes
Turn   | Place    | Note
-------+----------+-------------------------------------------
     0 | D:1      | Pooter the Minotaur Berserker began the quest for the Orb.
     0 | D:1      | Reached XP level 1. HP: 19/19 MP: 0/0
    99 | D:1      | Reached skill level 1 in Stealth
    99 | D:1      | Reached XP level 2. HP: 21/27 MP: 1/1
   485 | D:1      | Reached skill level 4 in Axes
   604 | D:1      | Found a faded altar of an unknown god.
   682 | D:1      | Reached XP level 3. HP: 27/33 MP: 2/2
  1610 | D:2      | Reached ** piety under Trog
  2194 | D:3      | Reached XP level 4. HP: 40/40 MP: 3/3
  2294 | D:3      | Noticed Sigmund
  2319 | D:3      | Found an ornate altar of the Wu Jian Council.
  2327 | D:3      | Reached XP level 5. HP: 47/47 MP: 4/4
  2385 | D:3      | Found a snail-covered altar of Cheibriados.
  2386 | D:3      | Found a sacrificial altar of Ru.
  2388 | D:3      | Found an ancient bone altar of Kikubaaqudgha.
  2389 | D:3      | Found a blossoming altar of Fedhas.
  2403 | D:3      | Killed Sigmund
  2404 | D:3      | Reached skill level 5 in Fighting
  2404 | D:3      | Reached skill level 5 in Axes
  2404 | D:3      | Reached XP level 6. HP: 56/56 MP: 5/5
  2654 | D:3      | Found a glowing drain.
  2663 | Sewer    | Entered a sewer
  3742 | D:4      | Reached *** piety under Trog
  3750 | D:4      | Reached XP level 7. HP: 62/62 MP: 6/6
  4079 | D:4      | Reached skill level 6 in Axes
  4259 | D:5      | Entered Level 5 of the Dungeon
  4270 | D:5      | Reached skill level 5 in Stealth
  4443 | D:5      | Found a staircase to the Ecumenical Temple.
  4897 | D:5      | Reached XP level 8. HP: 65/71 MP: 7/7
  5493 | D:6      | Reached skill level 7 in Axes
  5964 | D:6      | Found a sand-covered staircase.
  5973 | Ossuary  | Entered an ossuary
  6436 | Ossuary  | Reached XP level 9. HP: 80/81 MP: 8/8
  6581 | D:6      | Reached skill level 8 in Axes
  7242 | D:6      | Reached skill level 1 in Polearms
  7606 | D:7      | Reached skill level 1 in Evocations
  7614 | D:7      | Reached **** piety under Trog
  7930 | D:7      | Found a broken altar of Ashenzari.
  8086 | D:7      | Reached skill level 1 in Slings
  8273 | D:7      | Found Vymeorent's Weapon Boutique.
  8273 | D:7      | Noticed Maggie
  8294 | D:7      | Killed Maggie
  8295 | D:7      | Reached skill level 9 in Axes
  8577 | D:7      | You fall into a shaft and drop 3 floors!
  8577 | D:10     | Entered Level 10 of the Dungeon
  8601 | D:9      | Noticed Harold
  8612 | D:9      | Killed Harold
  8613 | D:9      | Reached XP level 10. HP: 91/91 MP: 9/9
  8876 | D:7      | Noticed Joseph
  9084 | D:7      | Bought a +6 war axe of freezing for 497 gold pieces
 10139 | D:8      | Found a hazy altar of Hepliaklqana.
 10140 | D:8      | Found a shimmering altar of Xom.
 10819 | D:9      | Found Ocuril's Antique Armour Shop.
 10852 | D:9      | Identified the +9 quarterstaff "Pooter's Curse" {vorpal,
                  | +Rage rF+ rC++ rCorr}
 10921 | D:9      | Gained mutation: You are partially covered in large bone
                  | plates. (SH +4) [potion of mutation]
 10921 | D:9      | Gained mutation: Potions are less effective at restoring
                  | your health. [potion of mutation]
 10921 | D:9      | Gained mutation: You have an increased reservoir of magic.
                  | (+10% MP) [potion of mutation]
 10922 | D:9      | Lost mutation: You are partially covered in large bone
                  | plates. (SH +4) [potion of mutation]
 10922 | D:9      | Lost mutation: You have an increased reservoir of magic.
                  | (+10% MP) [potion of mutation]
 10922 | D:9      | Gained mutation: Your spells are a little harder to cast,
                  | but a little more powerful. [potion of mutation]
 10922 | D:9      | Gained mutation: You are clumsy. (Dex -2) [potion of
                  | mutation]
 10923 | D:9      | Lost mutation: Your spells are a little harder to cast, but
                  | a little more powerful. [potion of mutation]
 10923 | D:9      | Lost mutation: You are clumsy. (Dex -2) [potion of
                  | mutation]
 10923 | D:9      | Gained mutation: Your skin changes colour to match your
                  | surroundings (Stealth+). [potion of mutation]
 10923 | D:9      | Gained mutation: You are robust. (+10% HP) [potion of
                  | mutation]
 10923 | D:9      | Gained mutation: Your body sometimes deteriorates upon
                  | taking damage. [potion of mutation]
 11432 | D:10     | Found an iron altar of Okawaru.
 11561 | D:10     | Noticed a death yak
 11582 | D:10     | Noticed a death yak
 11585 | D:10     | Noticed a death yak
 11586 | D:10     | Killed a death yak
 11871 | D:9      | Killed a death yak
 11872 | D:9      | Reached skill level 10 in Axes
 11887 | D:10     | Killed a death yak
 12228 | D:10     | Found a staircase to the Lair.
 12251 | D:10     | Reached XP level 11. HP: 108/108 MP: 10/10
 13053 | D:11     | Noticed a five-headed hydra
 13054 | D:11     | Identified the +1 war axe of the Desolation of Salt {flame,
                  | Fragile Fly Will++ Dex+3}
 13155 | Lair:1   | Entered Level 1 of the Lair of Beasts
 13487 | Lair:1   | Reached skill level 10 in Stealth
 13555 | Lair:1   | Reached skill level 10 in Fighting
 14020 | D:9      | Bought an embroidered cloak for 210 gold pieces
 14494 | Lair:2   | Reached skill level 11 in Axes
 14832 | Lair:2   | Found a runed translucent gate.
 14833 | Lair:2   | Found a runed translucent gate.
 14833 | Lair:2   | Found a runed translucent gate.
 14838 | Lair:2   | Noticed Resaj's ghost (journeyman MiBe)
 15180 | Lair:3   | Noticed a death yak
 15180 | Lair:3   | Noticed a death yak
 15180 | Lair:3   | Noticed a death yak
 15180 | Lair:3   | Noticed a death yak
 15180 | Lair:3   | Noticed a death yak
 15182 | Lair:3   | Noticed a death yak
 15189 | Lair:2   | Reached skill level 5 in Slings
 15189 | Lair:2   | Killed a death yak
 15292 | Lair:3   | Found a hole to the Spider Nest.
 15310 | Lair:3   | Reached skill level 1 in Throwing
 15586 | Lair:3   | Found a frozen archway.
 15603 | IceCv    | Entered an ice cave
 15603 | IceCv    | Noticed a white ugly thing
 15611 | IceCv    | Killed a white ugly thing
 15612 | IceCv    | Reached skill level 5 in Evocations
 15860 | IceCv    | Found a transporter.
 15877 | IceCv    | Noticed a white ugly thing
 15884 | IceCv    | Killed a white ugly thing
 15891 | IceCv    | Found a transporter.
 16779 | IceCv    | Identified the ring of Mistrust {rN+ SInv}
 17177 | Lair:2   | Killed a death yak
 17178 | Lair:2   | Reached XP level 12. HP: 101/118 MP: 11/11
 17191 | Lair:2   | Killed a death yak
 17192 | Lair:2   | Reached skill level 12 in Axes
 17193 | Lair:2   | Killed a death yak
 17394 | Lair:3   | Killed a death yak
 17399 | Lair:3   | Killed a death yak
 17424 | Lair:3   | Lost mutation: You are robust. (+10% HP) [potion of
                  | mutation]
 17424 | Lair:3   | Lost mutation: Your body sometimes deteriorates upon taking
                  | damage. [potion of mutation]
 17424 | Lair:3   | Gained mutation: You have sharp fingernails. [potion of
                  | mutation]
 17424 | Lair:3   | Gained mutation: You have a pair of large horns on your
                  | head. [potion of mutation]
 18215 | Lair:4   | Identified the +0 pair of gloves of Protective Custody
                  | {Dex+4 Slay+2}
 18380 | Lair:4   | Found a staircase to the Swamp.
 18867 | Lair:4   | Identified the ring of Lilacs {Fly rPois Int+3 Stlth+}
 19271 | Lair:4   | Reached skill level 13 in Axes
 19296 | Lair:4   | Found a runed translucent door.
 19615 | Lair:4   | Noticed streetpizza's ghost (journeyman TrHu)
 19708 | Lair:5   | Noticed a five-headed hydra
 19718 | Lair:5   | Killed a five-headed hydra
 19719 | Lair:5   | Reached XP level 13. HP: 81/116 MP: 12/12
 19955 | Lair:5   | Killed from afar by a lindwurm

Illustrated notes

Levels and vault maps discovered:
D:1:      dpeg_arrival_shrine, layout_loops_corners,
          chequers_ecumenical_altar_simple_redux
D:2:      layout_loops_cross, minmay_misc_feat_rows
D:3:      layout_rooms, grunt_temple_overflow_open, serial_glass,
          glass_columns_a, glass_columns_b, portal_sewer_entry_d,
          minmay_misc_feat_hallway, uniq_sigmund
D:4:      layout_loops_cross
D:5:      layout_gridville, minmay_temple_entry_ruins
D:6:      layout_basic, nicolae_ossuary_entry_monument
D:7:      layout_layer_cave, marbit_many_paths, serial_shops, shop, uniq_joseph,
          uniq_maggie
D:8:      layout_basic, regret_index_temple_of_mockery
D:9:      layout_cave_pools, serial_shops, shop, uniq_harold
D:10:     layout_long_grid, lemuel_round_altar, dpeg_lair_monsters,
          enter_bailey_5
D:11:     layout_long_grid, hellmonk_ghost_happy_afterlife, serial_shops,
          kennysheep_little_box, grunt_dithmenos_smoke, uniq_urug
Lair:1:   layout_gridlike, beast_lair_carwin_9
Lair:2:   layout_roguey, gammafunk_ghost_necromancy
Lair:3:   layout_chaotic_city, spider_nest_entry_webs,
          portal_ice_cave_demonic_guard
Lair:4:   layout_regular_city, nicolae_swamp_entry_splash_gauntlet,
          ebering_ghost_reflecting_pool
Lair:5:   layout_layer_cave, slime_altar_1, special_room [special_room_bee],
          lemuel_fruit_tree, grunt_megastairs_2, minmay_lair_oklob_chamber,
          infiniplex_staircase_pool

Skill      XL: |  1  2  3  4  5  6  7  8  9 10 11 12 |
---------------+-------------------------------------+-----
Stealth        | 1 2 3 4 5 7 9 10 11 | 11.9
Fighting       | 4 5 6 7 9 10 11 | 11.5
Axes           | 4 5 6 7 9 10 11 13 | 13.3
Polearms       | 3 4 |  4.0
Evocations     | 2 3 5 6 |  6.4
Slings         | 2 4 5 7 |  7.3
Throwing       | 2 4 |  4.5
Armour         | |  2.4
Dodging        | |  2.1

Action                   |  1- 3 |  4- 6 |  7- 9 | 10-12 | 13-15 || total
-------------------------+-------+-------+-------+-------+-------++-------
Melee: Hand axe          |    76 |   100 |   190 |       |       ||   366
       Headbutt          |     8 |    13 |    85 |    85 |    13 ||   204
       Trident           |       |       |   208 |    16 |     2 ||   226
       War axe           |       |       |       |   246 |    21 ||   267
       Hunting sling     |       |       |       |     1 |       ||     1
       Quarterstaff      |       |       |       |    26 |       ||    26
 Fire: Hunting sling     |       |     5 |   108 |    88 |       ||   201
       Fustibalus        |       |       |       |    23 |    10 ||    33
Throw: Stone             |     7 |     1 |     2 |       |       ||    10
       Dart              |       |       |     8 |    42 |       ||    50
       Boomerang         |       |       |       |     8 |       ||     8
Invok: Berserk           |     1 |     2 |     5 |     6 |       ||    14
       Trog's Hand       |       |     2 |    15 |    23 |     3 ||    43
Evoke: Wand              |       |       |     2 |     9 |       ||    11
  Use: Scroll            |     6 |     1 |    11 |    18 |     1 ||    37
       Potion            |       |       |       |     8 |       ||     8
 Stab: Sleeping          |     4 |     1 |       |       |       ||     5
       Distracted        |     1 |       |       |       |       ||     1
Armor: Animal skin       |     8 |     3 |       |       |       ||    11
       Plate armour      |       |    65 |   227 |   175 |     7 ||   474
Dodge: Dodged            |    35 |    53 |   127 |    99 |     3 ||   317

Table legend: (Time is in decaauts)
 A = Elapsed time spent in this place.
 B = Non-inter-level travel time spent in this place.
 C = Inter-level travel time spent in this place.
 D = Time resting spent in this place.
 E = Time spent auto-exploring this place.
 F = Levels seen in this place.
 G = Mean time per level.
                   A        B        C        D        E       F      G
               +--------+--------+--------+--------+--------+-----+--------+
         Total |  20122 |  19621 |    501 |   5247 |  10481 |  19 | 1059.1 |
       Dungeon |  12302 |  11986 |    316 |   2954 |   6717 |  11 | 1118.4 |
          Lair |   5498 |   5313 |    185 |   1077 |   3311 |   5 | 1099.6 |
         Sewer |    510 |    510 |      0 |    139 |    188 |   1 |  510.0 |
       Ossuary |    609 |    609 |      0 |      0 |    264 |   1 |  609.0 |
      Ice Cave |   1202 |   1202 |      0 |   1076 |      0 |   1 | 1202.0 |
               +--------+--------+--------+--------+--------+-----+--------+

Top non-repeatable levels by time:
     D:7: 2330 daAuts
    D:10: 1525 daAuts
  Lair:4: 1416 daAuts
     D:6: 1392 daAuts
  Lair:2: 1358 daAuts
     D:1: 1337 daAuts
  Lair:3: 1271 daAuts
   IceCv: 1202 daAuts
  Lair:1: 1153 daAuts
     D:5: 1049 daAuts
     D:8: 1049 daAuts
     D:9: 1011 daAuts
     D:2: 886 daAuts
     D:4: 869 daAuts
     D:3: 791 daAuts
